 Dungeon Crawl Stone Soup version 0.30-b1-5-g8e6c1be481 (webtiles) character file.

Game seed: 10135748906165351578

506 Jase the Trooper (level 6, 0/60 HPs)
             Began as a Minotaur Fighter on May 4, 2023.
             Slain by a lemure (4 damage)
             ... led by Pikel
             ... on level 4 of the Dungeon.
             The game lasted 00:05:17 (3183 turns).

Jase the Trooper (Minotaur Fighter)                 Turns: 3183, Time: 00:05:17

Health: 0/60       AC: 10    Str: 22    XL:     6   Next: 97%
Magic:  5/5        EV:  8    Int:  5    God:
Gold:   213        SH:  0    Dex: 10    Spells: 5/5 levels left

rFire   . . .        a - +0 war axe
rCold   . . .        (no shield)
rNeg    . . .        p - +0 chain mail
rPois   .            (helmet restricted)
rElec   .            (no cloak)
rCorr   .            (no gloves)
SInv    .            (no boots)
Will    .....        (no amulet) Stlth
                     (no ring)
HPRegen 0.30/turn    (no ring)
MPRegen 0.09/turn

%: no passive effects
@: no status effects
A: horns 2, retaliatory headbutt
a: no special abilities


You were on level 4 of the Dungeon.
You visited 1 branch of the dungeon, and saw 4 of its levels.

You collected 213 gold pieces.

Inventory:

Hand Weapons
 a - a +0 war axe (weapon)
Armour
 p - a +0 chain mail (worn)
Wands
 b - a wand of flame (12)
 n - a wand of quicksilver (5)
Scrolls
 c - 2 scrolls of noise {unknown}
 e - 5 scrolls of identify {unknown}
 f - a scroll of brand weapon {unknown}
 h - a scroll of summoning {unknown}
 i - a scroll of enchant armour {unknown}
 j - 2 scrolls of enchant weapon {unknown}
 m - a scroll of torment {unknown}
 s - a scroll of teleportation {unknown}
 t - a scroll of fog {unknown}
 u - a scroll of fear {unknown}
Potions
 d - 3 potions of might
 g - 5 potions of lignification {unknown}
 k - a potion of haste {unknown}
 l - a potion of mutation {unknown}
 o - a potion of resistance {unknown}
 q - a potion of brilliance {unknown}
 r - a potion of attraction {unknown}


   Skills:
 * Level 7.1 Fighting
 + Level 4.9 Axes
 + Level 5.8 Armour
 - Level 3.6 Shields


You had 5 spell levels left.
You didn't know any spells.
Your spell library contained the following spells:

 Spells                   Type           Power      Damage    Failure   Level
 Freeze                   Ice            0%         1d3       97%         1
 Sandblast                Erth           0%         2d4       97%         1
 Passwall                 Tmut/Erth      0%         N/A       99%         2
 Frozen Ramparts          Ice            0%         1d1       100%        3
 Hailstorm                Conj/Ice       0%         3d3       100%        3
 Stone Arrow              Conj/Erth      0%         3d7       100%        3


Dungeon Overview and Level Annotations

Branches:
Dungeon (4/15)
 Temple: D:4-7

Altars:

Annotations:
D:4 Pikel


Innate Abilities, Weirdness & Mutations

You have a pair of horns on your head.
You reflexively headbutt those who attack you in melee.


Message History

The lemure is heavily wounded.
You hit the lemure but do no damage. You barely miss Pikel. You hit the lemure.
Pikel hits you but does no damage. The lemure hits you.
The lemure hits you but does no damage. The lemure barely misses you.
The giant cockroach bites you but does no damage.
You slash the lemure! Your headbutt misses the lemure.
The lemure is severely wounded.
You hit the giant cockroach but do no damage.
You hit the lemure. You hit the lemure but do no damage.
You hit Pikel but do no damage.
Pikel hits you with a +2 whip of freezing.
Pikel freezes you. The lemure hits you. The lemure misses you.
The lemure hits you but does no damage.
The giant cockroach bites you but does no damage.
You closely miss Pikel. You barely miss the lemure. You hit the lemure.
You closely miss the lemure. You barely miss the giant cockroach.
The giant cockroach bites you but does no damage.
Pikel hits you but does no damage. The lemure hits you. The lemure hits you!
The lemure hits you but does no damage. The giant cockroach closely misses you.
You furiously retaliate!
You headbutt the giant cockroach!
You kill the giant cockroach!
Pikel hits you with a +2 whip of freezing.
Pikel freezes you. The lemure closely misses you. The lemure hits you!
* * * LOW HITPOINT WARNING * * *
The lemure hits you.
* * * LOW HITPOINT WARNING * * *
You hit Pikel but do no damage. You headbutt Pikel, but do no damage.
You closely miss the lemure. x2; You barely miss the lemure.
The lemure hits you but does no damage. The lemure hits you.
* * * LOW HITPOINT WARNING * * *
Pikel closely misses you. The lemure barely misses you.
Unknown command.
You closely miss Pikel. You hit the lemure. x2
You kill the lemure!
That felt strangely unrewarding.
You barely miss the lemure.
The lemure hits you but does no damage. x2; Pikel closely misses you.
Unknown command.
You closely miss Pikel. You hit the lemure. You miss the lemure.
The lemure hits you but does no damage. The lemure hits you.
You die...

.######............#
.# #............# .#
##...........## ..#
#.<......)...###.
.##
#................. .
............##....
....#.............
........5..#.....
⌠.#.....@.......
.......5K....##.
.#.#....##....#
...#..... ...##
.#....... ...#
......... ...#
.#........ ...
..........


You could see Pikel and 2 lemures.

Vanquished Creatures
  A water moccasin (D:4)
  2 lemures (D:4)
  2 orc priests (D:4)
  4 orc wizards
  6 adders
  7 gnolls
  2 worms
  3 dart slugs
  12 orcs
  7 endoplasms
  5 giant cockroaches
  11 goblins
  8 hobgoblins
  3 jackals (D:3)
  6 quokkas
  8 ball pythons
  5 bats
  4 frilled lizards
  8 kobolds
  7 rats
111 creatures vanquished.

Notes
Turn   | Place    | Note
-------+----------+-------------------------------------------
     0 | D:1      | Jase the Minotaur Fighter began the quest for the Orb.
     0 | D:1      | Reached XP level 1. HP: 19/19 MP: 0/0
    84 | D:1      | Reached XP level 2. HP: 27/27 MP: 1/1
   109 | D:1      | Reached skill level 4 in Fighting
   627 | D:2      | Reached XP level 3. HP: 33/33 MP: 2/2
   858 | D:2      | Reached XP level 4. HP: 41/41 MP: 3/3
  1117 | D:2      | Found a faded altar of an unknown god.
  1123 | D:2      | Reached skill level 5 in Fighting
  1221 | D:3      | Reached XP level 5. HP: 33/48 MP: 4/4
  1234 | D:3      | Reached skill level 5 in Armour
  2268 | D:3      | Reached skill level 6 in Fighting
  2297 | D:3      | Reached XP level 6. HP: 20/57 MP: 5/5
  3109 | D:4      | Noticed a water moccasin
  3123 | D:4      | Killed a water moccasin
  3124 | D:4      | Reached skill level 7 in Fighting
  3172 | D:4      | Noticed Pikel
  3181 | D:4      | HP: 3/60 [lemure[Pikel] (6)]
  3183 | D:4      | Slain by a lemure

Illustrated notes

Levels and vault maps discovered:
D:1:      psy_arrival_spokes, layout_basic
D:2:      kennysheep_the_goblin_king, layout_rooms,
          hellmonk_ecumenical_altar_zigzags,
          hangedman_abyss_or_decor_lesser_grid
D:3:      layout_basic, dk_noncrumbling_2, kennysheep_generic_room_5
D:4:      layout_cave_pools, elyvilon_altar_5, uniq_pikel

Skill      XL: |  1  2  3  4  5  6 |
---------------+-------------------+-----
Armour         | 4 5 |  5.8
Fighting       | 4 5 6 7 |  7.1
Axes           | 3 4 |  4.9
Shields        | |  3.6

Action                     |  1- 3 |  4- 6 || total
---------------------------+-------+-------++-------
  Melee: War axe           |    88 |   153 ||   241
         Headbutt          |     5 |    26 ||    31
         Punch             |       |     1 ||     1
 Armour: Scale mail        |    58 |    48 ||   106
         Chain mail        |       |    36 ||    36
  Dodge: Dodged            |    41 |    84 ||   125
